 Dungeon Crawl Stone Soup version 0.22.1-2-g9c5b331 (webtiles) character file.

4056 Tiagovsky the Arsonist (level 10, -12/88 HPs)
             Began as a Black Draconian Fire Elementalist on Jan 3, 2019.
             Was a Believer of Sif Muna.
             Mangled by Gastronok (26 damage)
             ... on level 10 of the Dungeon.
             The game lasted 00:49:30 (13811 turns).

Tiagovsky the Arsonist (DrFE)                      Turns: 13811, Time: 00:49:30

Health: -12/88     AC: 13    Str: 11    XL:     10   Next: 4%
Magic:  7/25       EV: 12    Int: 19    God:    Sif Muna [**....]
Gold:   572        SH:  0    Dex: 11    Spells: 7/18 levels left

rFire    . . .     SeeInvis .   w - +6 quarterstaff (chaos)
rCold    . . .     Gourm    .   (shield currently unavailable)
rNeg     . . .     Faith    +   (armour unavailable)
rPois    .         Spirit   .   (helmet restricted)
rElec    +         Reflect  .   o - +2 cloak {MR+}
rCorr    .         Harm     .   I - +2 pair of gloves
MR       +....                  (no boots)
Stlth    ++........             s - amulet of faith
HPRegen  0.24/turn              A - ring of wizardry
MPRegen  0.19/turn              u - ring of magical power

@: slowed, divine energy, very slow
A: breathe lightning, unfitting armour, electricity resistance, cold-blooded, AC
+7
a: Breathe Lightning, Stop Divine Energy, Renounce Religion


You were on level 10 of the Dungeon.
You worshipped Sif Muna.
Sif Muna was pleased with you.
You were not hungry.

You visited 2 branches of the dungeon, and saw 11 of its levels.

You collected 572 gold pieces.

Inventory:

Hand Weapons
 e - a +2 dagger of flaming
 q - a +0 hunting sling
 w - a +6 quarterstaff of chaos (weapon)
Missiles
 a - 415 stones (quivered)
 C - 43 sling bullets
Armour
 o - a +2 cloak of magic resistance (worn)
 I - a +2 pair of gloves (worn)
Jewellery
 s - an amulet of faith (around neck)
 u - a ring of magical power (right hand)
 A - a ring of wizardry (left hand)
 B - an uncursed ring of see invisible
 E - an uncursed ring of protection from magic {unknown}
 J - an uncursed ring of fire {unknown}
Wands
 d - a wand of polymorph (13)
 g - a wand of digging (9)
 j - a wand of flame (29)
 x - a wand of disintegration (32)
 D - a wand of paralysis (14)
Scrolls
 f - a scroll of enchant armour
 h - a scroll of identify
 i - a scroll of blinking
 p - 6 scrolls of remove curse
 v - a scroll of fog
 y - 2 scrolls of immolation {unknown}
 z - 2 scrolls of teleportation
 F - a scroll of noise {unknown}
 G - a scroll of amnesia {unknown}
 H - 2 scrolls of silence
 L - a scroll of vulnerability {unknown}
Potions
 c - a potion of lignification {unknown}
 k - 2 potions of haste
 l - 3 potions of mutation
 m - a potion of agility {unknown}
 n - 4 potions of might
 r - a potion of cancellation
 t - a potion of curing
 K - a potion of invisibility {unknown}
Comestibles
 b - 16 rations


   Skills:
 + Level 7.9 Fighting
 + Level 5.0 Staves
 - Level 1.7 Dodging
 - Level 1.7 Stealth
 + Level 4.6 Spellcasting
 + Level 7.3 Conjurations
 + Level 8.0 Fire Magic


You had 7 spell levels left.
You knew the following spells:

 Your Spells              Type           Power        Failure   Level  Hunger
a - Flame Tongue          Conj/Fire      ####.        1%          1    None
b - Throw Flame           Conj/Fire      ####..       1%          2    #......
c - Conjure Flame         Conj/Fire      ####....     1%          3    ###....
d - Fireball              Conj/Fire      ####......   6%          5    ######.

Your spell library contained the following spells:

 Spells                   Type           Power        Failure   Level  Hunger
 Sticky Flame             Conj/Fire      ####....     2%          4    ####...
 Inner Flame              Hex/Fire       ###.....     3%          3    ###....
 Beastly Appendage        Tmut           #.....       5%          1    None
 Sticks to Snakes         Tmut           #.......     9%          2    #......
 Spider Form              Tmut/Pois      #.........   16%         3    ###....
 Ice Form                 Ice/Tmut       #.......     45%         4    ####...
 Blade Hands              Tmut           #.........   78%         5    ######.


Dungeon Overview and Level Annotations

Branches:
Dungeon (10/15)            Temple (1/1) D:6
   Lair: D:8-11         Orc: D:9-12

Altars:
Ashenzari
Cheibriados
Dithmenos
Elyvilon
Fedhas
Gozag
Hepliaklqana
Kikubaaqudgha
Makhleb
Nemelex Xobeh
Okawaru
Qazlal
Ru
Sif Muna
Trog
Uskayaw
Vehumet
Wu Jian
Xom
Yredelemnul
Zin
The Shining One

Shops:
D:8 [

Annotations:
D:10 Gastronok


Innate Abilities, Weirdness & Mutations

You can breathe wild blasts of lightning.
Your glossy black scales are hard. (AC +7)
You cannot fit into any form of body armour.
You are resistant to electric shocks. (rElec)
You are cold-blooded and may be slowed by cold attacks.


Message History

Confirm with . or Enter, or press ? or * to list all spells.
Aiming: Flame Tongue (safe; 1% risk of failure)
Press: ? - help, Shift-Dir - straight line, f/p - Gastronok
Aim: Gastronok, wearing a glowing hat (severely wounded)
The flame tongue hits Gastronok.
Gastronok is almost dead.
Casting: Flame Tongue (safe; 1% risk of failure)
Confirm with . or Enter, or press ? or * to list all spells.
Aiming: Flame Tongue (safe; 1% risk of failure)
Press: ? - help, Shift-Dir - straight line, f/p - Gastronok
Aim: Gastronok, wearing a glowing hat (almost dead)
The flame tongue hits Gastronok.
Gastronok is almost dead.
Gastronok bites you!!
* * * LOW HITPOINT WARNING * * *
You feel better.
Gastronok casts a spell.
The bat closely misses you. The bat hits you but does no damage.
Gastronok bites you!!
You die...

#.. #......... ..
####...... .# #.#####
##.# #..# #..# #######
##.#### ..##### #.....#
#....#
......############.....#
####.#
.................bb....#
#..
.######.......rw@......#
##. .#
############.....# ## .#
####### .# ## #


You could see Gastronok, a river rat and 2 bats.

Vanquished Creatures
  A hippogriff (D:9)
  A human (D:7)
  2 yaks
  3 hogs
  A steam dragon (D:7)
  A water moccasin (D:8)
  2 ice beasts
  A sky beast (D:5)
  2 orc warriors (D:8)
  2 phantoms
  An ogre (D:10)
  A centaur (D:6)
  A crocodile (D:10)
  A gnoll sergeant (D:9)
  A bullfrog (D:8)
  A wyvern zombie (D:6)
  2 scorpions
  A water moccasin skeleton (D:6)
  6 killer bees (D:8)
  4 wights (D:6)
  2 howler monkeys (D:9)
  6 crimson imps
  A jelly (D:5)
  A centaur zombie (D:7)
  Crazy Yiuf (D:2)
  An orc priest (D:8)
  6 orc wizards
  2 bullfrog skeletons
  5 iguanas
  7 worker ants
  A hound skeleton (D:6)
  A worker ant zombie (D:7)
  6 gnolls
  5 adders
  2 shadow imps
  2 oozes (D:4)
  An adder skeleton (D:4)
  3 worms
  6 dart slugs
  A leopard gecko (D:6)
  12 orcs
  3 ball pythons (D:1)
  6 bats
  3 giant cockroaches (D:1)
  15 goblins
  6 hobgoblins
  5 jackals
  A quokka (D:4)
  11 frilled lizards
  A giant cockroach zombie (D:6)
  4 kobolds
  10 rats
172 creatures vanquished.

Notes
Turn   | Place    | Note
-------+----------+-------------------------------------------
     0 | D:1      | Tiagovsky the Draconian Fire Elementalist began the quest
                  | for the Orb.
     0 | D:1      | Reached XP level 1. HP: 14/14 MP: 3/3
   256 | D:1      | Reached XP level 2. HP: 22/22 MP: 1/5
   454 | D:1      | Reached skill level 1 in Fighting
   627 | D:1      | Reached XP level 3. HP: 27/28 MP: 3/6
  1558 | D:2      | Noticed a dagger
  1558 | D:2      | Noticed a hand axe
  1559 | D:2      | Found a hide-covered altar of Uskayaw.
  1708 | D:2      | Reached XP level 4. HP: 21/36 MP: 1/7
  2054 | D:2      | Found a runed door.
  3143 | D:2      | Noticed Crazy Yiuf
  3260 | D:2      | Killed Crazy Yiuf
  3260 | D:2      | Reached XP level 5. HP: 36/42 MP: 5/9
  3528 | D:3      | Learned a level 2 spell: Throw Flame
  3532 | D:3      | Learned a level 3 spell: Conjure Flame
  3552 | D:3      | Found a radiant altar of Vehumet.
  3930 | D:3      | Found an iron altar of Okawaru.
  4117 | D:3      | Reached skill level 4 in Fire Magic
  4473 | D:4      | Found an ornate altar of the Wu Jian Council.
  4979 | D:5      | Entered Level 5 of the Dungeon
  5121 | D:5      | Noticed an ice beast
  5126 | D:5      | Killed an ice beast
  5126 | D:5      | Reached XP level 6. HP: 51/51 MP: 5/11
  5933 | D:5      | Your scales start taking on a glossy black colour.
  5933 | D:5      | Reached XP level 7. HP: 52/58 MP: 4/12
  5933 | D:5      | Gained mutation: You are resistant to electric shocks.
                  | (rElec) [Black Draconian growth]
  6392 | D:5      | Found a stormy altar of Qazlal.
  6433 | D:6      | Reached skill level 5 in Fire Magic
  7154 | D:6      | Found a staircase to the Ecumenical Temple.
  7164 | Temple   | Entered the Ecumenical Temple
  7268 | Temple   | Became a worshipper of Sif Muna the Loreminder
  7890 | D:6      | Reached skill level 5 in Fighting
  7890 | D:6      | Reached XP level 8. HP: 48/68 MP: 6/14
  8105 | D:6      | Reached skill level 5 in Conjurations
  8463 | D:7      | Found a glowing golden altar of the Shining One.
  8475 | D:7      | Reached skill level 6 in Fire Magic
  8589 | D:7      | Reached skill level 1 in Staves
  8677 | D:7      | Found a bloodstained altar of Trog.
  8964 | D:6      | Reached * piety under Sif Muna
  9196 | D:7      | Reached XP level 9. HP: 62/78 MP: 3/15
  9284 | D:7      | Learned a level 5 spell: Fireball
  9366 | D:7      | Found a shimmering altar of Xom.
  9619 | D:8      | Reached skill level 7 in Fire Magic
 10342 | D:8      | Reached ** piety under Sif Muna
 11210 | D:8      | Found Emid's Antique Armour Shoppe.
 12731 | D:9      | Reached skill level 8 in Fire Magic
 13210 | D:10     | Entered Level 10 of the Dungeon
 13252 | D:10     | Noticed an elephant
 13267 | D:10     | Reached XP level 10. HP: 77/88 MP: 16/16
 13557 | D:10     | Reached skill level 5 in Staves
 13601 | D:10     | Noticed Gastronok
 13811 | D:10     | Mangled by Gastronok

Skill      XL: |  1  2  3  4  5  6  7  8  9 10 |
---------------+-------------------------------+-----
Fighting       | 1 2 3 5 6 7 |  7.9
Conjurations   | 2 3 4 6 7 |  7.3
Spellcasting   | 3 4 |  4.6
Fire Magic     | 4 5 6 8 |  8.0
Staves         | 3 4 5 |  5.0
Dodging        | |  1.7
Stealth        | |  1.7

Action                   |  1- 3 |  4- 6 |  7- 9 | 10-12 || total
-------------------------+-------+-------+-------+-------++-------
Melee: Unarmed           |    17 |       |       |       ||    17
       Tailslap          |     3 |       |     2 |     1 ||     6
       Dagger            |    13 |     3 |       |       ||    16
       Quarterstaff      |       |    10 |    32 |     2 ||    44
Throw: Stone             |    72 |    86 |   104 |     2 ||   264
 Cast: Flame Tongue      |    63 |   130 |   284 |    38 ||   515
       Throw Flame       |       |       |    20 |    19 ||    39
       Conjure Flame     |       |       |     1 |       ||     1
Invok: Divine Energy     |       |       |     1 |       ||     1
 Abil: Breathe Lightning |       |       |     1 |       ||     1
  Use: Scroll            |       |     2 |    16 |     1 ||    19
       Potion            |       |       |     2 |     3 ||     5
  Eat: Chunk             |     3 |    10 |     4 |       ||    17
       Ration            |       |     1 |     6 |       ||     7
Armor: Skin              |     8 |    23 |    79 |    10 ||   120
Dodge: Dodged            |    37 |    43 |   125 |    16 ||   221
